 Dungeon Crawl Stone Soup version 0.28-a0-261-gc0b50483a2 (webtiles) character file.

Game seed: 14358582982727425325

178 Malachi the Skirmisher (level 5, -7/46 HPs)
             Began as a Ghoul Fighter on Aug 27, 2021.
             Mangled by Sigmund (8 damage)
             ... on level 2 of the Dungeon.
             The game lasted 00:05:19 (3008 turns).

Malachi the Skirmisher (Ghoul Fighter)              Turns: 3008, Time: 00:05:20

Health: -7/46      AC:  9    Str: 21    XL:     5   Next: 58%
Magic:  4/4        EV:  5    Int:  3    God:
Gold:   116        SH:  0    Dex:  8    Spells: 4/4 levels left

rFire   . . .      SeeInvis .   a - +0 long sword
rCold   + . .      Faith    .   c - +1 kite shield
rNeg    + + +      Spirit   .   e - +0 chain mail
rPois   ∞          Reflect  .   (no helmet)
rElec   .          Harm     .   (no cloak)
rCorr   .          Rampage  .   (no gloves)
Will    .....                   (no boots)
Stlth   ..........              (no amulet)
HPRegen 0.00/turn               (no ring)
MPRegen 0.09/turn               (no ring)

@: confused, inhibited regen
A: claws 1, cold resistance 1, negative energy resistance 3, inhibited
regeneration, torment resistance 2
a: no special abilities


You were on level 2 of the Dungeon.
You visited 1 branch of the dungeon, and saw 3 of its levels.

You collected 116 gold pieces.

Inventory:

Hand Weapons
 a - a +0 long sword (weapon)
Missiles
 b - 2 boomerangs (quivered)
Armour
 c - a +1 kite shield (worn)
 e - a +0 chain mail (worn)
Jewellery
 k - a ring of willpower
Potions
 d - 2 potions of might
 h - a potion of flight
 i - 2 potions of lignification


   Skills:
 + Level 3.9 Fighting
 + Level 3.5 Long Blades
 + Level 3.6 Armour
 + Level 0.2 Dodging
 + Level 3.2 Shields


You had 4 spell levels left.
You didn't know any spells.
Your spell library was empty.

Dungeon Overview and Level Annotations

Branches:
Dungeon (3/15)

Altars:
Ashenzari

Shops:
D:1 [

Annotations:
D:2 exclusion: upstairs, Sigmund


Innate Abilities, Weirdness & Mutations

You thrive by killing the living.
You are immune to poison.
You have sharp fingernails.
Your flesh is cold resistant. (rC+)
You are immune to negative energy. (rN+++)
You do not regenerate when monsters are visible.
You are immune to unholy pain and torment.


Message History

Okay, then.
There is a stone staircase leading up here.
Okay, then.
You aren't carrying any items that you can evoke.
As you read the scroll labelled ELATUSTEDU, it crumbles to dust.
It is a scroll of enchant armour.
Your +0 kite shield glows green for a moment.
You block the black bear's attack. The black bear barely misses you.
The black bear claws you but does no damage.
The black bear bites you but does no damage.
You block the black bear's attack.
The black bear claws you but does no damage.
You climb upwards.
Level annotation: exclusion: upstairs, Sigmund Reactivating autopickup.
There is a stone staircase leading down here.
Unknown command.
There is a stone staircase leading down here.
There is a broken altar of Ashenzari here.
There is a stone staircase leading up here.
The black bear bites you.
* * * LOW HITPOINT WARNING * * *
The black bear claws you but does no damage.
You block the black bear's attack.
Things that are here:
a +0 robe; a +0 club Sigmund shouts!
Sigmund points at you and mumbles some strange words.
You are confused.
Things that are here:
a +0 club; a goblin skeleton You bump into the rock wall.
Sigmund gestures wildly while chanting.
Sigmund flickers and vanishes!
Deactivating autopickup; reactivate with Ctrl-A.
The black bear bites you but does no damage.
The black bear claws you but does no damage. x2
Unknown command.
You bump into the rock wall.
Something hits you!
You die...

##### #...# #...# #...##
######### #....####.......#
#...{.@h........# ###
##...#####.......# #..
###...># #.......#####..
##...#### #.......##.....
#.......#####..........##..
#######..............####..
#####..........#.....
########.#####..........
#.........####..######..


You could see a black bear.

Vanquished Creatures
  An orc priest (D:3)
  Jessica (D:2)
  An iguana (D:3)
  A killer bee zombie (D:3)
  A gnoll (D:1)
  A worm (D:2)
  A dart slug (D:1)
  5 orcs (D:3)
  5 bats
  3 endoplasms
  4 giant cockroaches
  6 goblins
  5 hobgoblins
  5 jackals (D:1)
  4 ball pythons
  2 frilled lizards
  7 kobolds
  5 rats
58 creatures vanquished.

Notes
Turn   | Place    | Note
-------+----------+-------------------------------------------
     0 | D:1      | Malachi the Ghoul Fighter began the quest for the Orb.
     0 | D:1      | Reached XP level 1. HP: 19/19 MP: 0/0
   139 | D:1      | Reached XP level 2. HP: 15/26 MP: 1/1
   278 | D:1      | Found Vurolaoj's Armour Boutique.
   625 | D:1      | Reached XP level 3. HP: 20/31 MP: 2/2
  1120 | D:2      | Noticed Sigmund
  1288 | D:2      | Found a broken altar of Ashenzari.
  1745 | D:2      | Noticed Jessica
  1753 | D:2      | Killed Jessica
  1754 | D:2      | Reached XP level 4. HP: 40/40 MP: 3/3
  1876 | D:3      | Reached XP level 5. HP: 17/46 MP: 4/4
  2767 | D:3      | Noticed a black bear
  2944 | D:2      | HP: 1/46 [black bear (3)]
  3008 | D:2      | Mangled by Sigmund

Illustrated notes

Levels and vault maps discovered:
D:1:      lemuel_arrival_river_ford, layout_rooms, serial_shops,
          nicolae_lakefront_shop
D:2:      layout_rooms, basic_altar, uniq_sigmund, uniq_jessica
D:3:      layout_rooms, marbit_many_paths

Skill      XL: |  1  2  3 |
---------------+----------+-----
Long Blades    | 2 3 |  3.5
Armour         | 3 |  3.6
Shields        | 3 |  3.2
Fighting       | |  3.9
Dodging        | |  0.2

Action                   |  1- 3 |  4- 6 || total
-------------------------+-------+-------++-------
Melee: Long sword        |   105 |   110 ||   215
  Use: Scroll            |     3 |     1 ||     4
       Potion            |       |     4 ||     4
Armor: Scale mail        |    48 |       ||    48
       Chain mail        |    14 |   106 ||   120
Dodge: Dodged            |    40 |    33 ||    73
Block: Kite shield       |    47 |    71 ||   118

Table legend: (Time is in decaauts)
 A = Elapsed time spent in this place.
 B = Non-inter-level travel time spent in this place.
 C = Inter-level travel time spent in this place.
 D = Time resting spent in this place.
 E = Time spent auto-exploring this place.
 F = Levels seen in this place.
 G = Mean time per level.
                   A        B        C        D        E       F      G
               +--------+--------+--------+--------+--------+-----+--------+
         Total |   3126 |   2972 |    154 |    790 |   1342 |   3 | 1042.0 |
       Dungeon |   3126 |   2972 |    154 |    790 |   1342 |   3 | 1042.0 |
               +--------+--------+--------+--------+--------+-----+--------+

Top non-repeatable levels by time:
     D:1: 1540 daAuts
     D:3: 1005 daAuts
     D:2: 580 daAuts
